 Dungeon Crawl Stone Soup version 0.26-a0-845-gfacbca91cf (webtiles) character file.

Game seed: 15891603800042907526

2133 Kinoniko the Carver (level 9, 0/81 HPs)
             Began as a Naga Warper on Nov 19, 2020.
             Slain by a wight
             ... wielding a +0 halberd
              (1 damage)
             ... on level 7 of the Dungeon.
             The game lasted 00:11:56 (6356 turns).

Kinoniko the Carver (Naga Warper)                   Turns: 6356, Time: 00:11:56

Health: 0/81       AC: 12    Str: 14 (15) XL:     9   Next: 30%
Magic:  12/12      EV:  6    Int: 14 (16) God:
Gold:   335        SH:  0    Dex: 12 (14) Spells: 10/12 levels left

rFire    . . .     SeeInvis +   m - +0 scimitar
rCold    + . .     Faith    .   (no shield)
rNeg     . . .     Spirit   .   k - +0 scale mail
rPois    +         Reflect  .   p - +0 helmet
rElec    .         Harm     .   b - scarf {+Inv}
rCorr    .         Rampage  .   (no gloves)
MR       +....                  f - +1 barding {rC+}
Stlth    +.........             h - amulet of regeneration
HPRegen  0.63/turn              A - ring of stealth
MPRegen  0.13/turn              (no ring)

@: brilliant, berserk cooldown, slowed, heavily drained, very slow
A: large, repulsion field 1, see invisible, agile 1, clever 1, deformed body,
poison resistance, slowness 2, spit poison 1, AC +3
a: Spit Poison, Evoke Invisibility


You were on level 7 of the Dungeon.
You visited 1 branch of the dungeon, and saw 7 of its levels.
You also visited: Ossuary.

You collected 335 gold pieces.

Inventory:

Hand Weapons
 m - a +0 scimitar (weapon)
 y - a +0 long sword
Missiles
 e - 5 boomerangs of dispersal (quivered)
 l - 17 boomerangs
Armour
 b - a scarf of invisibility (worn)
 f - a +1 barding of cold resistance (worn)
 k - a +0 scale mail (worn)
 o - a +0 chain mail
 p - a +0 helmet (worn)
 C - the +2 robe of the Constellations {*Drain rF+ rCorr}
   (You found it on level 4 of the Dungeon)

   It protects you from fire.
   It provides partial protection from all sources of acid and corrosion.
   It causes draining when unequipped.
Jewellery
 a - an uncursed amulet of the acrobat
 h - an amulet of regeneration (around neck)
 A - a ring of stealth (left hand)
 E - an uncursed ring of protection from magic {unknown}
Wands
 t - a wand of paralysis (3)
 B - a wand of flame (17)
Scrolls
 d - 3 scrolls of blinking
 q - 5 scrolls of teleportation
 r - a scroll of amnesia
 v - 2 scrolls of noise
 w - 5 scrolls of identify
 x - 8 scrolls of remove curse
 F - a scroll of fear
 G - a scroll of fog
Potions
 c - 4 potions of curing
 g - 2 potions of brilliance
 j - a potion of degeneration
 n - 2 potions of heal wounds
 s - a potion of lignification
 u - a potion of ambrosia
 z - 2 potions of mutation
 H - a potion of cancellation


   Skills:
 + Level 5.1(2.9) Fighting
 * Level 10.8(8.3) Long Blades
 - Level 0.8(0.0) Throwing
 - Level 1.0(0.0) Armour
 - Level 1.6(0.0) Dodging
 - Level 2.2(0.2) Spellcasting
 + Level 3.2(1.2) Translocations


You had 10 spell levels left.
You knew the following spells:

 Your Spells              Type           Power        Failure   Level
a - Blink                 Tloc           N/A          75%         2

Your spell library contained the following spells:

 Spells                   Type           Power        Failure   Level
 Gell's Gravitas          Tloc           #.........   93%         3
 Lesser Beckoning         Tloc           #.........   93%         3
 Teleport Other           Tloc           #.......     93%         3
 Passage of Golubria      Tloc           N/A          100%        4


Dungeon Overview and Level Annotations

Branches:
Dungeon (7/15)            Ossuary (visited)
 Temple: D:4-7

Altars:
Fedhas
Hepliaklqana
Kikubaaqudgha
Qazlal
Ru
Sif Muna
Trog
Yredelemnul
The Shining One

Shops:
D:6 *


Innate Abilities, Weirdness & Mutations

You cannot wear boots.
Your serpentine skin is tough. (AC +3)
You have supernaturally acute eyesight. (SInv)
Armour fits poorly on your strangely shaped body.
Your system is resistant to poisons. (rPois)
You cover ground very slowly.
You can spit poison.
You are surrounded by a mild repulsion field. (EV +2)
You are agile. (Dex +2)
Your mind is acute. (Int +2)


Message History

The wight hits you with a +4 short sword.
* * * LOW HITPOINT WARNING * * *
You feel drained.
* * * LOW HITPOINT WARNING * * *
Unknown command.
Unknown command.
Unknown command.
Unknown command.
You hit the wight.
The wight is almost destroyed.
The adder skeleton barely misses you.
You riposte.
You hit the adder skeleton.
The adder skeleton is moderately damaged.
The quokka bites you but does no damage.
The steam dragon bites you but does no damage.
The steam dragon claws you.
* * * LOW HITPOINT WARNING * * *
The wight hits you from afar with a +0 halberd.
* * * LOW HITPOINT WARNING * * *
You feel drained.
You die...

.#####)## ##.##)))##
....... .#.......####.
.....$.. .#...##..#....
........ ...........#..
........
......##...##.###......
.......##.###..#....#
...≈≈≈....####.)Y)..#
.≈≈≈≈≈≈≈.......)@z##
≈≈≈≈≈≈≈≈≈......rZDz#
≈≈≈≈≈≈≈≈≈≈.......z.#
≈≈≈P♣.≈≈≈≈.......#..#
≈≈.P.PP≈≈≈≈.....##.....
≈≈<♣_P>≈≈≈≈......#.....
≈≈P.PPP≈≈≈≈..#...#.......
≈≈≈.$.≈≈≈≈...##..........
≈≈≈≈≈≈≈≈≈≈..####.........


You could see a steam dragon, an ice beast, 3 wights, a quokka and an adder
skeleton.

Vanquished Creatures
  Sigmund (D:6)
  An ice beast (D:5)
  An orc warrior (D:7)
  A sky beast (D:5)
  An ogre (D:5)
  2 centaurs (D:6)
  3 bullfrogs (D:6)
  2 water moccasin zombies (Ossuary)
  2 howler monkeys
  2 vampire bats (D:3)
  6 wights
  2 bullfrog zombies (D:6)
  An orc priest (D:5)
  A bullfrog skeleton (D:6)
  An iguana (D:5)
  Terence (D:2)
  2 orc wizards
  2 worker ants
  2 big kobold zombies (Ossuary)
  2 mummies (Ossuary)
  A worker ant zombie (D:4)
  3 gnolls (D:7)
  12 adders
  2 shadow imps
  4 white imps
  2 ufetubi (D:5)
  A worm zombie (D:6)
  An adder skeleton (D:4)
  3 adder zombies (Ossuary)
  5 worms
  A dart slug (D:1)
  15 orcs
  4 bat skeletons (D:3)
  A bat zombie (D:3)
  6 giant cockroaches
  4 gnoll zombies (Ossuary)
  6 goblins
  5 hobgoblins
  22 jackals
  A quokka (D:4)
  7 bats
  6 frilled lizards
  9 hobgoblin zombies (Ossuary)
  10 kobolds
  10 kobold zombies (Ossuary)
  4 orc zombies (Ossuary)
  2 quokka skeletons
  10 rats
  A rat zombie (D:6)
194 creatures vanquished.

Vanquished Creatures (others)
  Blork the orc (D:6)
  An orc wizard (D:6)
  A worker ant zombie (D:7)
  6 orcs
  2 giant cockroaches (D:7)
11 creatures vanquished.

Grand Total: 205 creatures vanquished

Notes
Turn   | Place    | Note
-------+----------+-------------------------------------------
     0 | D:1      | Kinoniko the Naga Warper began the quest for the Orb.
     0 | D:1      | Reached XP level 1. HP: 19/19 MP: 3/3
   273 | D:1      | Reached skill level 1 in Armour
   273 | D:1      | Reached XP level 2. HP: 10/26 MP: 5/5
  1198 | D:1      | Reached XP level 3. HP: 28/32 MP: 6/6
  1303 | D:1      | Found a glowing golden altar of the Shining One.
  1599 | D:2      | Found a stormy altar of Qazlal.
  1625 | D:2      | Noticed Terence
  1634 | D:2      | Killed Terence
  1635 | D:2      | Reached skill level 3 in Long Blades
  1635 | D:2      | Reached XP level 4. HP: 31/40 MP: 7/7
  1969 | D:2      | Found a hazy altar of Hepliaklqana.
  2442 | D:3      | Found a bloodstained altar of Trog.
  2526 | D:3      | Found a sacrificial altar of Ru.
  2857 | D:3      | Reached skill level 4 in Long Blades
  2871 | D:3      | Found an ancient bone altar of Kikubaaqudgha.
  2882 | D:3      | Reached XP level 5. HP: 46/46 MP: 8/8
  3196 | D:4      | Reached skill level 5 in Long Blades
  3378 | D:4      | Reached XP level 6. HP: 54/56 MP: 9/9
  3416 | D:4      | Got a wizard robe
  3417 | D:4      | Identified the +2 robe of the Constellations {*Drain rF+
                  | rCorr} (You found it on level 4 of the Dungeon)
  3890 | D:5      | Entered Level 5 of the Dungeon
  4348 | D:5      | Noticed an ice beast
  4360 | D:5      | Noticed a sky beast
  4374 | D:5      | Killed a sky beast
  4375 | D:5      | Reached skill level 6 in Long Blades
  4379 | D:5      | Killed an ice beast
  4380 | D:5      | Reached XP level 7. HP: 31/62 MP: 10/10
  4417 | D:5      | Reached skill level 7 in Long Blades
  4823 | D:6      | Noticed Blork the orc
  4830 | D:6      | Killed Blork the orc
  4856 | D:6      | Gained mutation: You are surrounded by a mild repulsion
                  | field. (EV +2) [potion of mutation]
  4856 | D:6      | Gained mutation: You are agile. (Dex +2) [potion of
                  | mutation]
  4856 | D:6      | Gained mutation: Your mind is acute. (Int +2) [potion of
                  | mutation]
  4865 | D:6      | Reached skill level 8 in Long Blades
  4865 | D:6      | Reached XP level 8. HP: 72/72 MP: 11/11
  4972 | D:6      | Noticed Sigmund
  4984 | D:6      | Killed Sigmund
  4996 | D:6      | Reached skill level 9 in Long Blades
  5016 | D:6      | Found a sand-covered staircase.
  5035 | Ossuary  | Entered an ossuary
  5599 | D:6      | Reached skill level 10 in Long Blades
  5627 | D:6      | Reached XP level 9. HP: 49/79 MP: 12/12
  5712 | D:6      | Found Qicozo's Assorted Antiques.
  5716 | D:6      | Identified a scroll of acquirement
  5716 | D:6      | Acquired a +1 barding of cold resistance
  5797 | D:6      | Found a basalt altar of Yredelemnul.
  5882 | D:6      | Found a shimmering blue altar of Sif Muna.
  6152 | D:6      | Learned a level 2 spell: Blink
  6212 | D:7      | Found a blossoming altar of Fedhas.
  6254 | D:7      | Reached skill level 5 in Fighting
  6355 | D:7      | HP: 4/81 [wight/+4 short sword (1)]
  6356 | D:7      | HP: 1/81 [wight/+0 halberd (3)]
  6356 | D:7      | Slain by a wight

Illustrated notes

Levels and vault maps discovered:
D:1:      lightli_arrival_statue_moat, layout_loops_corners, tso_altar
D:2:      layout_rooms, old_standard_altar, grunt_qazlal_sundering,
          supply_closet_lemuel, nicolae_underground_beach, uniq_terence
D:3:      layout_loops_cross, general_overflow_altar, kennysheep_vampire_church,
          lemuel_coloured_pillars_altar, grunt_ministairs_13, minivault_24,
          kennysheep_generic_room_7
D:4:      layout_loops_cross
D:5:      layout_basic, hangedman_decor_push
D:6:      layout_rooms, old_standard_altar, lemuel_doored_altar,
          enter_ossuary_3, serial_shops, nicolae_shop_waterfront, uniq_sigmund,
          uniq_blork_the_orc
D:7:      layout_cave_pools, marbit_many_paths, temple_statues,
          fedhas_ov_isle_minmay

Skill      XL: |  1  2  3  4  5  6  7  8  9 |
---------------+----------------------------+-----
Armour         | 1 |  1.0
Long Blades    | 3 4 5 6 8 10 | 10.8
Fighting       | 3 4 5 |  5.1
Throwing       | |  0.8
Dodging        | |  1.6
Spellcasting   | |  2.2
Translocations | |  3.2

Action                   |  1- 3 |  4- 6 |  7- 9 || total
-------------------------+-------+-------+-------++-------
Melee: Falchion          |   123 |   124 |       ||   247
       Long sword        |       |   209 |    97 ||   306
       Scimitar          |       |       |   291 ||   291
  Use: Potion            |     2 |     1 |    24 ||    27
       Scroll            |       |     3 |     8 ||    11
 Stab: Distracted        |       |     1 |       ||     1
       Invisible         |       |       |     4 ||     4
Armor: Leather armour    |    13 |       |       ||    13
       Scale mail        |    58 |   248 |   237 ||   543
       Chain mail        |       |    18 |       ||    18
       Skin              |       |       |    50 ||    50
Dodge: Dodged            |    56 |   180 |   233 ||   469
       Rpst.: Falchion   |    18 |    28 |       ||    46
       Long sword        |       |    38 |    12 ||    50
       Scimitar          |       |       |    52 ||    52

Table legend: (Time is in decaauts)
 A = Elapsed time spent in this place.
 B = Non-inter-level travel time spent in this place.
 C = Inter-level travel time spent in this place.
 D = Time resting spent in this place.
 E = Time spent auto-exploring this place.
 F = Levels seen in this place.
 G = Mean time per level.
                   A        B        C        D        E       F      G
               +--------+--------+--------+--------+--------+-----+--------+
         Total |   7987 |   7608 |    379 |    727 |   5018 |   8 |  998.4 |
       Dungeon |   7409 |   7030 |    379 |    468 |   4923 |   7 | 1058.4 |
       Ossuary |    578 |    578 |      0 |    259 |     94 |   1 |  578.0 |
               +--------+--------+--------+--------+--------+-----+--------+

Top non-repeatable levels by time:
     D:1: 1819 daAuts
     D:3: 1288 daAuts
     D:5: 1155 daAuts
     D:6: 1011 daAuts
     D:2: 961 daAuts
     D:4: 942 daAuts
 Ossuary: 578 daAuts
     D:7: 231 daAuts
